 Dungeon Crawl Stone Soup version 0.16-a0-4078-g0e80503 (webtiles) character file.

1345 Emanloe the Chopper (level 8, -1/70 HPs)
             Began as a Hill Orc Fighter on Feb 22, 2015.
             Was an Initiate of Okawaru.
             Slain by an ogre
             ... wielding a +0 giant club
              (7 damage)
             ... on level 6 of the Dungeon.
             The game lasted 00:38:55 (5959 turns).

Emanloe the Chopper (Hill Orc Fighter)              Turns: 5959, Time: 00:38:56

Health: -1/70      AC: 10    Str: 20 (21) XL:     8   Next: 62%
Magic:  8/8        EV: 10    Int:  8      God:    Okawaru [......]
Gold:   265        SH: 10    Dex: 10      Spells: 0 memorised, 7 levels left

rFire  . . .     SeeInvis +     a - +1 war axe
rCold  + . .     Clarity  .     k - +3 ring mail {rPois}
rNeg   . . .     SustAb   .     c - +0 shield
rPois  +         Gourm    .     (helmet restricted)
rElec  .         Spirit   .     (no cloak)
rCorr  .         Warding  .     (no gloves)
rMut   .         Stasis   .     f - +0 pair of boots
MR     .....                    (no amulet)
Stlth  +.........               q - ring of see invisible
                                j - ring of protection from cold

@: not resistant to hostile enchantments, very unstealthy
A: horns 1, talons 1
a: Renounce Religion


You were on level 6 of the Dungeon.
You worshipped Okawaru.
Okawaru was noncommittal.
You were not hungry.

You visited 2 branches of the dungeon, and saw 7 of its levels.

You collected 265 gold pieces.

Inventory:

Hand weapons
 a - a +1 war axe (weapon)
 D - a +0 war axe
Armour
 b - a +0 scale mail
 c - a +0 shield (worn)
 e - a cursed +0 pair of boots
 f - a +0 pair of boots (worn)
 k - a +3 ring mail of poison resistance (worn)
 o - a +0 scale mail
 v - a +0 pair of boots
 y - a +0 shield
 A - a +0 cloak
Jewellery
 j - a ring of protection from cold (left hand)
 n - a +3 ring of intelligence {unknown}
 q - a ring of see invisible (right hand)
Magical devices
 d - a wand of flame (22)
 r - a wand of paralysis (14)
Scrolls
 g - a scroll of remove curse
 h - 2 scrolls of fear
 l - a scroll of magic mapping
 x - 3 scrolls of teleportation
Potions
 B - a potion of curing
 C - a potion of magic
 E - a potion of restore abilities
Books
 i - a book of Conjurations

   Spells                             Type                      Level
   a - Magic Dart                     Conjuration                  1
   b - Searing Ray                    Conjuration                  2
   c - Dazzling Spray                 Conjuration/Hexes            3
   d - Fulminant Prism                Conjuration/Hexes            4
   e - Iskenderun's Mystic Blast      Conjuration                  4
   f - Iskenderun's Battlesphere      Conjuration/Charms           5
 w - a book of Dreams

   Spells                             Type                      Level
   a - Ensorcelled Hibernation        Hexes/Ice                    2
   b - Flight                         Charms/Air                   3
   c - Phase Shift                    Translocation                5
   d - Shadow Creatures               Summoning                    5
   e - Mass Confusion                 Hexes                        6
   f - Darkness                       Hexes                        7
Comestibles
 m - 3 bread rations
 p - a slice of pizza
 t - 3 meat rations
 z - 8 fruits
 F - a royal jelly


   Skills:
 + Level 5.7 Fighting
 + Level 6.9 Axes
 + Level 5.8 Armour
 + Level 3.5 Dodging
 + Level 0.3 Stealth
 + Level 6.4 Shields


You had 7 spell levels left.
You didn't know any spells.

Dungeon Overview and Level Annotations

Branches:
Dungeon (6/15)             Temple (1/1) D:6

Altars:
Ashenzari
Cheibriados
Dithmenos
Kikubaaqudgha
Makhleb
Okawaru
Qazlal
Ru
Sif Muna
Trog
Xom
Zin
The Shining One


Innate Abilities, Weirdness & Mutations

You have a pair of small horns on your head.
You have sharp toenails.


Message History

There is an open door here.
You hear a distant slurping noise.
You hear a squelching noise.
You hear a distant slurping noise.
You hear a distant slurping noise.
An ogre opens the door.
You hear a distant slurping noise. x2
There is a stone staircase leading up here.
The ogre hits you with a giant club!
* * * LOW HITPOINT WARNING * * *
You climb upwards.
There is a stone staircase leading down here.
You climb downwards.
There is a stone staircase leading up here.
You hear a distant slurping noise.
You hear a distant slurping noise.
The ogre barely misses you.
You hear a distant slurping noise.
You hear a distant slurping noise.
The ogre hits you with a giant club!
You die...

##.......+...+....#
#######....######+##....+
#....####.......<.......#
##...# #...........#+###
#...# #...........+....
#...# #...........##+##
####.#####...............#
##.##.##!).O#...####'#....#
#.....'...@.†...'.)'.'....#
#############...#'##.#....#
#...........>.#.#....+
.....$.O.....+.+....#
.............#+#....#
..O#######........... .
+........... #...........
#...........


You could see an ogre.

Vanquished Creatures
  The ghost of Eptagon the Martial Artist, an experienced OpTm (D:4)
  Edmund (D:4)
  An ogre (D:6)
  An ice beast (D:5)
  3 wights (D:3)
  2 crimson imps (D:5)
  A goliath beetle (D:4)
  2 orc priests
  2 hounds
  2 orc wizards
  2 iguanas
  3 worker ants (D:4)
  2 hound skeletons
  4 gnolls (D:5)
  3 adders
  A giant mite (D:2)
  2 shadow imps (D:5)
  3 worms
  An adder zombie (D:4)
  An adder skeleton (D:5)
  6 giant geckos
  16 orcs
  10 bats
  A bat skeleton (D:4)
  A bat zombie (D:5)
  3 giant cockroaches
  16 hobgoblins
  8 jackals
  2 quokkas
  2 ball pythons
  A giant gecko skeleton (D:5)
  3 giant newts
  17 goblins
  A jackal skeleton (D:4)
  14 kobolds
  8 rats
  A plant (D:5)
148 creatures vanquished.

Notes
Turn   | Place    | Note
--------------------------------------------------------------
     0 | D:1      | Emanloe, the Hill Orc Fighter, began the quest for the Orb.
     0 | D:1      | Reached XP level 1. HP: 19/19 MP: 1/1
   205 | D:1      | Reached XP level 2. HP: 22/27 MP: 2/2
   781 | D:2      | Found a snail-covered altar of Cheibriados.
   795 | D:2      | Reached skill level 4 in Armour
   795 | D:2      | Reached XP level 3. HP: 33/33 MP: 3/3
  1029 | D:2      | Reached XP level 4. HP: 27/40 MP: 4/4
  1930 | D:3      | Reached skill level 1 in Dodging
  1957 | D:3      | Reached XP level 5. HP: 27/47 MP: 5/5
  1984 | D:3      | Reached XP level 6. HP: 14/53 MP: 6/6
  2608 | D:3      | Reached skill level 5 in Armour
  2693 | D:3      | Gained mutation: You have a pair of small horns on your head. [potion of beneficial mutation]
  2984 | D:4      | Noticed Edmund
  2997 | D:4      | Killed Edmund
  2997 | D:4      | Reached XP level 7. HP: 6/60 MP: 7/7
  3108 | D:4      | Reached skill level 5 in Shields
  3424 | D:4      | Reached skill level 5 in Fighting
  3626 | D:4      | Found a shimmering altar of Xom.
  3634 | D:4      | Found a sacrificial altar of Ru.
  3635 | D:4      | Found a burning altar of Makhleb.
  4013 | D:4      | Reached skill level 5 in Axes
  4046 | D:4      | Noticed Eptagon's ghost (experienced OpTm)
  4053 | D:4      | Killed Eptagon's ghost
  4053 | D:4      | Reached XP level 8. HP: 62/68 MP: 8/8
  4069 | D:5      | Entered Level 5 of the Dungeon
  4146 | D:5      | Reached skill level 6 in Axes
  4504 | D:5      | Found a shattered altar of Ashenzari.
  4691 | D:5      | Found a shadowy altar of Dithmenos.
  5623 | D:6      | Found a staircase to the Ecumenical Temple.
  5632 | Temple   | Entered the Ecumenical Temple
  5706 | Temple   | Became a worshipper of Warmaster Okawaru
  5892 | D:6      | Gained mutation: You have sharp toenails. [potion of mutation]
  5892 | D:6      | Gained mutation: Your muscles are strong. (Str +2) [potion of mutation]
  5892 | D:6      | Lost mutation: Your muscles are strong. (Str +2) [potion of mutation]
  5942 | D:6      | HP: 3/70 [ogre/giant club (7)]
  5959 | D:6      | Slain by an ogre

Action                   |  1- 3 |  4- 6 |  7- 9 || total
-------------------------+-------+-------+-------++-------
Melee: War axe           |   104 |   140 |   249 ||   493
  Use: Scroll            |     4 |     5 |     5 ||    14
       Potion            |     2 |     7 |     8 ||    17
  Eat: Meat ration       |     1 |     1 |     1 ||     3
       Beef jerky        |       |       |     2 ||     2
